 Dungeon Crawl Stone Soup version 0.28-a0-724-g66f9036eb4 (webtiles) character file.

Game seed: 11016133256546710572

60 flyleaff the Ruffian (level 3, 36/36 HPs)
             Began as a Troll Monk on Oct 27, 2021.
             Quit the game on level 2 of the Dungeon.
             The game lasted 00:01:51 (902 turns).

flyleaff the Ruffian (Troll Monk)                    Turns: 902, Time: 00:01:51

Health: 36/36      AC:  4    Str: 19    XL:     3   Next: 80%
Magic:  2/2        EV: 10    Int:  7    God:
Gold:   79         SH:  0    Dex: 12    Spells: 2/2 levels left

rFire   . . .      SeeInvis .     - Unarmed
rCold   . . .      Faith    .   (no shield)
rNeg    . . .      Spirit   .   a - +0 robe
rPois   .          Reflect  .   (helmet restricted)
rElec   .          Harm     .   (no cloak)
rCorr   .          Rampage  .   (gloves unavailable)
Will    .....                   (boots unavailable)
Stlth   ++........              (no amulet)
HPRegen 1.12/turn               (no ring)
MPRegen 0.08/turn               (no ring)

@: no status effects
A: large, unfitting armour, claws 3, regeneration 1, shaggy fur 1, tough skin 1
a: no special abilities


You were on level 2 of the Dungeon.
You visited 1 branch of the dungeon, and saw 2 of its levels.

You collected 79 gold pieces.

Inventory:

Armour
 a - a +0 robe (worn)
Scrolls
 b - a scroll of torment {unknown}
 e - a scroll of holy word {unknown}
Potions
 c - a potion of attraction {unknown}
 d - a potion of curing {unknown}
 f - a potion of magic {unknown}


   Skills:
 + Level 2.8 Fighting
 + Level 2.8 Dodging
 - Level 1.0 Stealth
 * Level 4.0 Unarmed Combat


You had 2 spell levels left.
You didn't know any spells.
Your spell library was empty.

Dungeon Overview and Level Annotations

Branches:
Dungeon (2/15)

Altars:
Uskayaw


Innate Abilities, Weirdness & Mutations

You are too large for most types of armour.
You have claws for hands.
Your natural rate of healing is unusually fast.
You are covered in fur. (AC +1)
You have tough skin. (AC +1)


Message History

No target in view!
No target in view!
An adder comes into view.
An adder is nearby!
An adder is nearby!
An adder is nearby!
The adder hisses angrily.
You scratch the adder.
The adder is heavily wounded.
The adder bites you. The adder bites you but does no damage.
You claw the adder!
You kill the adder!
Your Unarmed Combat skill increases to level 4!
No target in view!
No target in view!
You see here an adder corpse.
Found 21 stones.
A rat comes into view.
A rat is nearby!
A rat is nearby!
A rat is nearby!
A rat and a kobold come into view.
The kobold shouts!
The kobold hits you but does no damage.
You closely miss the rat. The rat bites you but does no damage.
The kobold hits you but does no damage.
You claw the rat!
You kill the rat!
The kobold hits you with a +0 dagger.
You barely miss the kobold. The kobold hits you with a +0 dagger.
You scratch the rat but do no damage. The rat barely misses you.
You claw the rat!
You kill the rat!
The kobold misses you.
You claw the kobold!
You kill the kobold!
No target in view!
No target in view!
No target in view!
Are you sure you want to abandon this character and quit the game? (Confirm with "yes".)

##.##.# #.#.....#
#.#######.#.†.. †......
[........................
##.##.#
#.###.#.###.##.######....
#.##.# #.. ....# #.##.#
#.... #.#
##+#####.##.######....
#.....................
#.......###†#########. #
#...(...# #.##########
#....@..# #.......#.#.
##.#..).# #######...#.
........# ###...
###.#....# ###...
#.#....# #...#. # #....#
###.#.#. ###### #...####
#..##.#. #..##.#.


There were no monsters in sight!

Vanquished Creatures
  3 adders (D:2)
  A worm (D:2)
  3 bats
  4 endoplasms
  A giant cockroach (D:1)
  A goblin (D:1)
  2 hobgoblins (D:1)
  3 jackals (D:1)
  A kobold (D:2)
  4 ball pythons (D:1)
  6 rats
29 creatures vanquished.

Vanquished Creatures (others)
  2 withered plants (D:2)
2 creatures vanquished.

Grand Total: 31 creatures vanquished

Notes
Turn   | Place    | Note
-------+----------+-------------------------------------------
     0 | D:1      | flyleaff the Troll Monk began the quest for the Orb.
     0 | D:1      | Reached XP level 1. HP: 22/22 MP: 0/0
   364 | D:1      | Reached XP level 2. HP: 28/29 MP: 1/1
   628 | D:2      | Reached XP level 3. HP: 36/36 MP: 2/2
   803 | D:2      | Found a faded altar of an unknown god.
   830 | D:2      | Prayed at the altar of an unknown god.
   830 | D:2      | Became a worshipper of Uskayaw the Reveller
   830 | D:2      | Reached * piety under Uskayaw
   830 | D:2      | Reached ** piety under Uskayaw
   831 | D:2      | Fell from the grace of Uskayaw
   888 | D:2      | Reached skill level 4 in Unarmed Combat
   902 | D:2      | Quit the game

Illustrated notes

Levels and vault maps discovered:
D:1:      lemuel_arrival_behind_the_door_large, layout_loops_ring
D:2:      layout_basic, ebering_ecumenical_altar_petrified,
          minmay_misc_feat_alley, uniq_crazy_yiuf_cottage, uniq_robin,
          uniq_jessica

Skill      XL: |  1  2  3 |
---------------+----------+-----
Unarmed Combat | 4 |  4.0
Fighting       | |  2.8
Dodging        | |  2.8
Stealth        | |  1.0

Action                   || total
-------------------------++-------
Melee: Unarmed           ||    63
       Punch             ||     2
Invok: Renounce Religion ||     1
 Stab: Sleeping          ||     2
Armor: Robe              ||    23
Dodge: Dodged            ||    19

Table legend: (Time is in decaauts)
 A = Elapsed time spent in this place.
 B = Non-inter-level travel time spent in this place.
 C = Inter-level travel time spent in this place.
 D = Time resting spent in this place.
 E = Time spent auto-exploring this place.
 F = Levels seen in this place.
 G = Mean time per level.
                   A        B        C        D        E       F      G
               +--------+--------+--------+--------+--------+-----+--------+
         Total |    897 |    865 |     32 |      0 |    689 |   2 |  448.5 |
       Dungeon |    897 |    865 |     32 |      0 |    689 |   2 |  448.5 |
               +--------+--------+--------+--------+--------+-----+--------+

Top non-repeatable levels by time:
     D:1: 621 daAuts
     D:2: 276 daAuts
